 Dungeon Crawl Stone Soup version 0.28-a0-595-g9f6c0e134a (webtiles) character file.

Game seed: 11981610417144007429

19 ardl the Gusty (level 2, 0/20 HPs)
             Began as a Draconian Air Elementalist on Oct 4, 2021.
             Succumbed to an adder's poison
             ... on level 2 of the Dungeon.
             The game lasted 00:03:25 (1347 turns).

ardl the Gusty (Draconian Air Elementalist)         Turns: 1347, Time: 00:03:26

Health: 0/20       AC:  4    Str: 10    XL:     2   Next: 55%
Magic:  0/5        EV: 12    Int: 15    God:
Gold:   46         SH:  0    Dex: 11    Spells: 2/5 levels left

rFire   . . .      SeeInvis .   h - +0 rapier
rCold   . . .      Faith    .   (no shield)
rNeg    . . .      Spirit   .   (armour unavailable)
rPois   .          Reflect  .   (helmet restricted)
rElec   .          Harm     .   (no cloak)
rCorr   .          Rampage  .   (no gloves)
Will    .....                   (no boots)
Stlth   ++........              (no amulet)
HPRegen 0.06/turn               (no ring)
MPRegen 0.09/turn               (no ring)

@: lethally poisoned (0 -> -3), flying
A: AC +4, unfitting armour, cold-blooded
a: no special abilities


You were on level 2 of the Dungeon.
You visited 1 branch of the dungeon, and saw 2 of its levels.

You collected 46 gold pieces.

Inventory:

Hand Weapons
 b - a +0 dagger
 h - a +0 rapier (weapon)
 i - a +0 spear
Scrolls
 a - 3 scrolls of identify {unknown}
 c - a scroll of brand weapon {unknown}
 d - a scroll of summoning {unknown}
 e - 2 scrolls of amnesia {unknown}
 g - a scroll of noise {unknown}


   Skills:
 - Level 1.7 Dodging
 - Level 1.7 Stealth
 - Level 2.0 Spellcasting
 + Level 2.6 Conjurations
 - Level 3.0 Air Magic


You had 2 spell levels left.
You knew the following spells:

 Your Spells              Type           Power      Damage    Failure   Level
a - Shock                 Conj/Air       36%        1d5       7%          1
b - Static Discharge      Conj/Air       9%         N/A       11%         2

Your spell library contained the following spells:

 Spells                   Type           Power      Damage    Failure   Level
 Swiftness                Air            10%        N/A       19%         3
 Airstrike                Air            5%         N/A       54%         4


Dungeon Overview and Level Annotations

Branches:
Dungeon (2/15)

Altars:


Innate Abilities, Weirdness & Mutations

Your plain brown scales are hard. (AC +4)
You cannot fit into any form of body armour.
You are cold-blooded and may be slowed by cold attacks.


Message History

You feel sick. The adder bites you.
You take 3 damage, and have 15/20 hp.
You feel sick.
You take 1 damage, and have 14/20 hp.
You feel sick.
You see here a quokka corpse.
You feel sick.
You take 1 damage, and have 13/20 hp.
You feel sick. The adder closely misses you.
You take 1 damage, and have 12/20 hp.
You feel sick.
You are no longer poisoned.
You take 1 damage, and have 11/20 hp.
Unknown command.
The adder bites you.
You take 3 damage, and have 8/20 hp.
The adder bites you.
You are lethally poisoned!
The adder poisons you!
You take 1 damage, and have 7/20 hp.
It was a potion of flight.
You feel very buoyant.
You fly up into the air.
* * * LOW HITPOINT WARNING * * *
You feel sick. The adder bites you but does no damage.
You take 2 damage, and have 5/20 hp.
* * * LOW HITPOINT WARNING * * *
You feel sick. The adder bites you but does no damage.
There is a stone staircase leading up here.
You take 1 damage, and have 4/20 hp.
Aim: an adder (heavily wounded, 48% to hit)
The zap hits the adder.
* * * LOW HITPOINT WARNING * * *
You feel sick. The adder bites you.
* * * LOW HITPOINT WARNING * * *
You take 3 damage, and have 1/20 hp.
You now have 1/5 mp.
Aim: an adder (almost dead, 48% to hit)
The zap hits the adder.
You kill the adder!
You die...

#...†..#
#.######
#.# #.#
#.# #.#
#.# #.#
#@# ###


There were no monsters in sight!

Vanquished Creatures
  An adder (D:2)
  2 ball pythons (D:1)
  2 endoplasms (D:1)
  A hobgoblin (D:1)
  4 kobolds
  4 quokkas
  A bat (D:1)
  A frilled lizard (D:1)
  A goblin (D:1)
  A rat (D:1)
18 creatures vanquished.

Notes
Turn   | Place    | Note
-------+----------+-------------------------------------------
     0 | D:1      | ardl the Draconian Air Elementalist began the quest for the
                  | Orb.
     0 | D:1      | Reached XP level 1. HP: 14/14 MP: 3/3
   403 | D:1      | Reached XP level 2. HP: 20/20 MP: 1/5
  1260 | D:2      | Learned a level 2 spell: Static Discharge
  1346 | D:2      | HP: 1/20 [adder (2)]
  1347 | D:2      | Succumbed to an adder's poison

Illustrated notes

Levels and vault maps discovered:
D:1:      lemuel_arrival_behind_the_door_large, layout_loops_corners
D:2:      layout_basic, serial_shops,
          nicolae_shop_temple_entry_statues_fountains, uniq_sigmund

Skill      XL: |  1 |
---------------+----+-----
Conjurations   | 2 |  2.6
Dodging        | |  1.7
Stealth        | |  1.7
Spellcasting   | |  2.0
Air Magic      | |  3.0

Action                   || total
-------------------------++-------
 Cast: Shock             ||    28
       Static Discharge  ||     1
  Use: Potion            ||     1
Armor: Skin              ||     3
Dodge: Dodged            ||     3

Table legend: (Time is in decaauts)
 A = Elapsed time spent in this place.
 B = Non-inter-level travel time spent in this place.
 C = Inter-level travel time spent in this place.
 D = Time resting spent in this place.
 E = Time spent auto-exploring this place.
 F = Levels seen in this place.
 G = Mean time per level.
                   A        B        C        D        E       F      G
               +--------+--------+--------+--------+--------+-----+--------+
         Total |   1345 |   1204 |    141 |     52 |   1008 |   2 |  672.5 |
       Dungeon |   1345 |   1204 |    141 |     52 |   1008 |   2 |  672.5 |
               +--------+--------+--------+--------+--------+-----+--------+

Top non-repeatable levels by time:
     D:1: 1220 daAuts
     D:2: 125 daAuts
